WIN
MIAMI (WIN) MARLINS @ ASHEVILLE TOURISTS
12/22/2049
 
TOP OF THE 1ST
Miami (WIN) Marlins batting - Pitching for Asheville Tourists : LHP Domenic Wells
Pitching: LHP Domenic Wells
Batting: RHB Rafael Irizarry 0-0: Ball
1-0: Ball
2-0: Ball
3-0: Base on Balls
Batting: LHB Orlando Rivera 0-0: Ball
1-0: Sac Bunt to 13S - play at first, batter OUT! 1-3
Rafael Irizarry to second
Batting: RHB Isaiah Brockman 0-0: Foul Ball, location: 3SF
0-1: Ball
1-1: Ball
2-1: Fly out, F8 (Flyball, 78D, EV 93.1 MPH)
Runner from 2nd tags up, SAFE at 3rd with throw by CF
Batting: LHB Adam Durgin 0-0: Ball
1-0: Ball
2-0: Fly out, F9 (Flyball, 9D, EV 96.3 MPH)
Top of the 1st over - 0 runs, 0 hits, 0 errors, 1 left on base; Miami (WIN) 0 - Asheville 0
BOTTOM OF THE 1ST
Asheville Tourists batting - Pitching for Miami (WIN) Marlins : RHP Sean Geer
Pitching: RHP Sean Geer
Batting: LHB Jerry Santana 0-0: Ball
1-0: Ground out 4-3 (Groundball, 4, EV 82.5 MPH)
Batting: RHB Zakhar Edelman 0-0: Ball
1-0: Ball
2-0: Called Strike
2-1: Called Strike
2-2: Foul Ball, location: 9LDF
2-2: Ground out U3 (Groundball, 3, EV 104.4 MPH)
Batting: LHB Luke Coulter 0-0: Called Strike
0-1: Ground out 4-3 (Groundball, 4S, EV 85.0 MPH)
Bottom of the 1st over - 0 runs, 0 hits, 0 errors, 0 left on base; Miami (WIN) 0 - Asheville 0
TOP OF THE 2ND
Miami (WIN) Marlins batting - Pitching for Asheville Tourists : LHP Domenic Wells
Batting: RHB Willie Chavez 0-0: Foul Ball, location: 3FF
0-1: SINGLE (Groundball, 34D, EV 99.4 MPH)
Batting: RHB Orlando Landa 0-0: Called Strike
0-1: Ball
1-1: Called Strike
1-2: Fly out, F9 (Flyball, 9LMF, EV 100.6 MPH)
Batting: LHB David Doge 0-0: Called Strike
0-1: Fly out, F6 (Popup, 6MD, EV 64.4 MPH)
Batting: SHB Ramon Martinez 0-0: Ball
1-0: Foul Ball, location: 9LDF
1-1: SINGLE (Line Drive, 78M, EV 99.4 MPH)
Willie Chavez to second
Batting: RHB Reomel Somera 0-0: Called Strike
0-1: Foul Ball, location: 25FF
0-2: Ball
1-2: Ball
2-2: Ball
3-2: TRIPLE (Groundball, 3L, EV 105.0 MPH)
Willie Chavez scores
Ramon Martinez scores
Batting: RHB Rafael Irizarry 0-0: Ball
1-0: SINGLE (Groundball, 6MD, EV 106.9 MPH)
Reomel Somera scores
Batting: LHB Orlando Rivera 0-0: Called Strike
0-1: Ball
Rafael Irizarry is caught stealing 2nd base 2-6
Top of the 2nd over - 3 runs, 4 hits, 0 errors, 0 left on base; Miami (WIN) 3 - Asheville 0
BOTTOM OF THE 2ND
Asheville Tourists batting - Pitching for Miami (WIN) Marlins : RHP Sean Geer
Batting: RHB Wali Mulogo 0-0: Fly out, F9 (Flyball, 9, EV 91.9 MPH)
Batting: LHB Paul McClintock 0-0: Called Strike
0-1: Ball
1-1: Ball
2-1: Fly out, F9 (Flyball, 9, EV 98.1 MPH)
Batting: RHB John Stevenson 0-0: Ball
1-0: Swinging Strike
1-1: Foul Ball, location: 3FF
1-2: Strikes out swinging
Bottom of the 2nd over - 0 runs, 0 hits, 0 errors, 0 left on base; Miami (WIN) 3 - Asheville 0
TOP OF THE 3RD
Miami (WIN) Marlins batting - Pitching for Asheville Tourists : LHP Domenic Wells
Batting: LHB Orlando Rivera 0-0: Called Strike
0-1: Called Strike
0-2: Ball
1-2: Strikes out swinging
Batting: RHB Isaiah Brockman 0-0: Ball
1-0: Ball
2-0: Ball
3-0: Base on Balls
Batting: LHB Adam Durgin 0-0: Called Strike
0-1: Ball
1-1: Ball
2-1: Called Strike
2-2: Foul Ball, location: 2F
2-2: Strikes out looking
Batting: RHB Willie Chavez 0-0: Ball
Passed Ball!
Isaiah Brockman to second
1-0: Ball
2-0: Foul Ball, location: 2F
2-1: Foul Ball, location: 2F
2-2: Ball
3-2: Ground out 5-3 (Groundball, 56S, EV 70.6 MPH)
Top of the 3rd over - 0 runs, 0 hits, 0 errors, 1 left on base; Miami (WIN) 3 - Asheville 0
BOTTOM OF THE 3RD
Asheville Tourists batting - Pitching for Miami (WIN) Marlins : RHP Sean Geer
Batting: LHB Harry Folsom 0-0: Swinging Strike
0-1: Ball
1-1: Ball
2-1: Swinging Strike
2-2: Strikes out swinging
Batting: RHB Manny Thompson 0-0: Called Strike
0-1: Foul Ball, location: 3F
0-2: Strikes out swinging
Batting: RHB Bob Hayes 0-0: Ground out 5-3 (Groundball, 56, EV 85.6 MPH)
Bottom of the 3rd over - 0 runs, 0 hits, 0 errors, 0 left on base; Miami (WIN) 3 - Asheville 0
TOP OF THE 4TH
Miami (WIN) Marlins batting - Pitching for Asheville Tourists : LHP Domenic Wells
Batting: RHB Orlando Landa 0-0: SINGLE (Line Drive, 7LS, EV 104.4 MPH)
Batting: LHB David Doge Pickoff Throw to First - Out! 1-3
0-0: Ball
1-0: Fly out, F9 (Flyball, 9, EV 91.3 MPH)
Batting: SHB Ramon Martinez 0-0: Ball
1-0: Fly out, F8 (Flyball, 8LD, EV 101.3 MPH)
Top of the 4th over - 0 runs, 1 hit, 0 errors, 0 left on base; Miami (WIN) 3 - Asheville 0
BOTTOM OF THE 4TH
Asheville Tourists batting - Pitching for Miami (WIN) Marlins : RHP Sean Geer
Batting: LHB Jerry Santana 0-0: Called Strike
0-1: Fly out, F9 (Flyball, 9D, EV 93.8 MPH)
Batting: RHB Zakhar Edelman 0-0: Called Strike
0-1: Ball
1-1: Ball
2-1: Ground out 5-3 (Groundball, 5S, EV 88.1 MPH)
Batting: LHB Luke Coulter 0-0: Ball
1-0: Called Strike
1-1: Swinging Strike
1-2: Strikes out swinging
Bottom of the 4th over - 0 runs, 0 hits, 0 errors, 0 left on base; Miami (WIN) 3 - Asheville 0
TOP OF THE 5TH
Miami (WIN) Marlins batting - Pitching for Asheville Tourists : LHP Domenic Wells
Batting: RHB Reomel Somera 0-0: Called Strike
0-1: Foul Ball, location: 2F
0-2: Ball
1-2: Strikes out looking
Batting: RHB Rafael Irizarry 0-0: SOLO HOME RUN (Flyball, 7D, EV 96.9 MPH), Distance : 374 ft
Batting: LHB Orlando Rivera 0-0: Ball
1-0: Swinging Strike
1-1: Called Strike
1-2: SINGLE (Line Drive, 3D, EV 106.9 MPH)
Batting: RHB Isaiah Brockman 0-0: Swinging Strike
0-1: Ball
Orlando Rivera is caught stealing 2nd base 2-4
1-1: SINGLE (Groundball, 34D, EV 103.1 MPH)
Batting: LHB Adam Durgin 0-0: Called Strike
0-1: Swinging Strike
0-2: Ground out 1-3 (Groundball, P, EV 68.8 MPH)
Top of the 5th over - 1 run, 3 hits, 0 errors, 1 left on base; Miami (WIN) 4 - Asheville 0
BOTTOM OF THE 5TH
Asheville Tourists batting - Pitching for Miami (WIN) Marlins : RHP Sean Geer
Batting: RHB Wali Mulogo 0-0: Ball
1-0: Ball
2-0: Called Strike
2-1: Ball
3-1: Base on Balls
Batting: LHB Paul McClintock 0-0: Called Strike
0-1: Ball
1-1: Foul Ball, location: 7LMF
Pickoff Throw to First - Out! 1-3
1-2: Strikes out swinging
Batting: RHB John Stevenson 0-0: Ground out 5-3 (Groundball, 5, EV 78.1 MPH)
Bottom of the 5th over - 0 runs, 0 hits, 0 errors, 0 left on base; Miami (WIN) 4 - Asheville 0
TOP OF THE 6TH
Miami (WIN) Marlins batting - Pitching for Asheville Tourists : LHP Domenic Wells
Batting: RHB Willie Chavez 0-0: Ball
1-0: Ball
2-0: Foul Ball, location: 2F
2-1: Ground out U3 (Groundball, 3S, EV 68.8 MPH)
Batting: RHB Orlando Landa 0-0: Ball
1-0: Ball
2-0: Ball
3-0: Base on Balls
Pitching: RHP Michael Conrad
Batting: LHB David Doge 0-0: Ball
1-0: Called Strike
Orlando Landa steals 2nd base
1-1: Ball
Orlando Landa steals 3rd base
2-1: Ground out 1-3 (Groundball, P, EV 70.6 MPH)
Batting: SHB Ramon Martinez 0-0: Ball
1-0: Ball
2-0: Fly out, F9 (Flyball, 9LS, EV 86.3 MPH)
Top of the 6th over - 0 runs, 0 hits, 0 errors, 1 left on base; Miami (WIN) 4 - Asheville 0
BOTTOM OF THE 6TH
Asheville Tourists batting - Pitching for Miami (WIN) Marlins : RHP Sean Geer
Batting: LHB Harry Folsom 0-0: Ground out 1-3 (Groundball, P, EV 74.4 MPH)
Batting: RHB Manny Thompson 0-0: Foul Ball, location: 2F
0-1: Foul Ball, location: 2F
0-2: Ball
1-2: Strikes out swinging
Batting: RHB Bob Hayes 0-0: Ball
1-0: Foul Ball, location: 2F
1-1: Swinging Strike
1-2: Foul Ball, location: 9LMFF
1-2: Strikes out swinging
Bottom of the 6th over - 0 runs, 0 hits, 0 errors, 0 left on base; Miami (WIN) 4 - Asheville 0
TOP OF THE 7TH
Miami (WIN) Marlins batting - Pitching for Asheville Tourists : RHP Michael Conrad
Batting: RHB Reomel Somera 0-0: Ball
1-0: Ball
2-0: Fly out, F7 (Flyball, 7D, EV 94.4 MPH)
Batting: RHB Rafael Irizarry 0-0: Called Strike
0-1: Ball
1-1: Ball
2-1: Ball
3-1: Base on Balls
Batting: LHB Orlando Rivera 0-0: Ball
1-0: Ball
Rafael Irizarry steals 2nd base
2-0: Called Strike
2-1: Ball
3-1: Called Strike
3-2: SINGLE (Line Drive, 56D, EV 93.8 MPH)
Rafael Irizarry to third
Batting: RHB Isaiah Brockman 0-0: Called Strike
0-1: Foul Ball, location: 5F
0-2: Strikes out looking
Batting: LHB Adam Durgin 0-0: Ground out 5-3 (Groundball, 56S, EV 91.9 MPH)
Top of the 7th over - 0 runs, 1 hit, 0 errors, 2 left on base; Miami (WIN) 4 - Asheville 0
BOTTOM OF THE 7TH
Asheville Tourists batting - Pitching for Miami (WIN) Marlins : RHP Sean Geer
Batting: LHB Jerry Santana 0-0: Ball
1-0: Fly out, F5 (Flyball, 5D, EV 85.0 MPH)
Batting: RHB Zakhar Edelman 0-0: Ball
1-0: Ball
2-0: Called Strike
2-1: Swinging Strike
2-2: Strikes out swinging
Batting: LHB Luke Coulter 0-0: Ball
1-0: SINGLE (Flyball, 5D, EV 98.1 MPH)
Batting: RHB Wali Mulogo 0-0: Ball
1-0: DOUBLE (Flyball, 78D, EV 95.0 MPH)
Luke Coulter to third
Batting: LHB Paul McClintock 0-0: Ball
1-0: Fly out, F5 (Popup, 5SF, EV 75.6 MPH)
Bottom of the 7th over - 0 runs, 2 hits, 0 errors, 2 left on base; Miami (WIN) 4 - Asheville 0
TOP OF THE 8TH
Miami (WIN) Marlins batting - Pitching for Asheville Tourists : RHP Michael Conrad
Batting: RHB Willie Chavez 0-0: Ball
1-0: Swinging Strike
1-1: Foul Ball, location: 9LMF
1-2: Foul Ball, location: 9LMF
1-2: Foul Ball, location: 23FF
1-2: Foul Ball, location: 9LSF
1-2: Ball
2-2: Ball
3-2: Ground out 5-3 (Groundball, 56S, EV 74.4 MPH)
Batting: RHB Orlando Landa 0-0: Ball
1-0: Ball
2-0: Called Strike
2-1: Foul Ball, location: 9LDF
2-2: Strikes out looking
Batting: LHB David Doge 0-0: Ball
1-0: Called Strike
1-1: Foul Ball, location: 9LSF
1-2: Strikes out swinging
Top of the 8th over - 0 runs, 0 hits, 0 errors, 0 left on base; Miami (WIN) 4 - Asheville 0
BOTTOM OF THE 8TH
Asheville Tourists batting - Pitching for Miami (WIN) Marlins : RHP Sean Geer
Batting: RHB John Stevenson 0-0: Ball
1-0: Called Strike
1-1: Ball
2-1: Foul Ball, location: 7LDF
2-2: Ground out U3 (Groundball, 34S, EV 65.0 MPH)
Batting: LHB Harry Folsom 0-0: Ball
1-0: Foul Ball, location: 25F
1-1: Foul Ball, location: 2F
1-2: TRIPLE (Line Drive, 78XD, EV 100.6 MPH)
Batting: RHB Manny Thompson 0-0: Called Strike
0-1: Swinging Strike
0-2: Strikes out looking
Batting: RHB Bob Hayes 0-0: Ball
1-0: Swinging Strike
1-1: Foul Ball, location: 25F
1-2: Strikes out swinging
Bottom of the 8th over - 0 runs, 1 hit, 0 errors, 1 left on base; Miami (WIN) 4 - Asheville 0
TOP OF THE 9TH
Miami (WIN) Marlins batting - Pitching for Asheville Tourists : RHP Michael Conrad
Batting: SHB Ramon Martinez 0-0: Foul Ball, location: 5SF
0-1: Swinging Strike
0-2: Ball
1-2: Foul Ball, location: 7LMF
1-2: Ball
2-2: Ground out U3 (Groundball, 3L, EV 81.3 MPH)
Batting: RHB Reomel Somera 0-0: Called Strike
0-1: Called Strike
0-2: Ball
1-2: SINGLE (Line Drive, 8LS, EV 105.6 MPH)
Pitching: RHP Ricky de la Rosa
Batting: RHB Rafael Irizarry 0-0: Ball
1-0: Foul Ball, location: 2F
1-1: Foul Ball, location: 5FF
1-2: Strikes out swinging
Batting: LHB Orlando Rivera 0-0: Foul Ball, location: 2F
0-1: Ground out 4-3 (Groundball, 4, EV 101.3 MPH)
Top of the 9th over - 0 runs, 1 hit, 0 errors, 1 left on base; Miami (WIN) 4 - Asheville 0
BOTTOM OF THE 9TH
Asheville Tourists batting - Pitching for Miami (WIN) Marlins : RHP Sean Geer
Batting: LHB Jerry Santana 0-0: SINGLE (Line Drive, 7LS, EV 93.8 MPH)
Batting: RHB Zakhar Edelman 0-0: Called Strike
0-1: Ball
1-1: SINGLE (Line Drive, 9S, EV 102.5 MPH)
Jerry Santana to second
Pitching: RHP John Dinsmore
Batting: LHB Luke Coulter 0-0: Called Strike
0-1: Fly out, F9 (Flyball, 89S, EV 94.4 MPH)
Batting: RHB Wali Mulogo 0-0: Called Strike
0-1: Ball
1-1: Called Strike
1-2: Ball
2-2: Ball
3-2: Foul Ball, location: 3FF
3-2: Strikes out swinging
Batting: LHB Paul McClintock 0-0: Foul Ball, location: 23FF
0-1: Ball
1-1: Swinging Strike
1-2: Strikes out swinging
Bottom of the 9th over - 0 runs, 2 hits, 0 errors, 2 left on base; Miami (WIN) 4 - Asheville 0
Sunday, July 16th , 2023 - OOTP Baseball 24.6 Build 69